 Dungeon Crawl Stone Soup version 0.31.0-11-ge490571c62 (webtiles) character file.

Game seed: 5422040249449726560

89 qw the Shooter (level 4, -2/25 HPs)
             Began as a Deep Elf Hunter on Feb 3, 2024.
             Slain by a bullfrog (5 damage)
             ... on level 3 of the Dungeon.
             The game lasted 00:00:07 (2123 turns).

qw the Shooter (Deep Elf Hunter)                    Turns: 2123, Time: 00:00:08

Health: -2/25      AC:  5    Str: 10    XL:     4   Next: 31%
Magic:  6/6        EV: 11    Int: 14    God:
Gold:   89         SH:  0    Dex: 18    Spells: 3/3 levels left

rFire   . . .        a - +1 shortbow
rCold   . . .        (shield currently unavailable)
rNeg    . . .        i - +0 ring mail
rPois   .            (no helmet)
rElec   .            (no cloak)
rCorr   .            (no gloves)
SInv    .            (no boots)
Will    .....        (no amulet)
Stlth   +            (no ring)
HPRegen 0.24/turn    (no ring)
MPRegen 0.10/turn

%: no passive effects
@: no status effects
A: no striking features
a: no special abilities


You were on level 3 of the Dungeon.
You visited 1 branch of the dungeon, and saw 3 of its levels.

You collected 89 gold pieces.


   Skills:
 - Level 1.5 Fighting
 + Level 7.7 Ranged Weapons
 - Level 2.4 Dodging
 - Level 1.2 Stealth


You had 3 spell levels left.
You didn't know any spells.
Your spell library was empty.

Inventory:

Hand Weapons
 a - a +1 shortbow (weapon)
Armour
 b - the scarf of Darkness {harm, rC- Int+2 SInv}
   (You acquired it on level 2 of the Dungeon)

   Int+2:     It affects your intelligence (+2).
   rC-:       It makes you vulnerable to cold.
   SInv:      It lets you see invisible.
 i - a +0 ring mail (worn)
Potions
 h - a potion of berserk rage {unknown}
 j - a potion of resistance {unknown}

Dungeon Overview and Level Annotations

Branches:
Dungeon (3/15)

Altars:
Fedhas


Message History

a +0 dagger; an orc corpse
Things that are here:
a +0 flail; an orc corpse A frilled lizard comes into view.
You shoot an arrow. The arrow hits the frilled lizard!
You kill the frilled lizard!
An orc comes into view. It is wielding a +0 trident.
You shoot an arrow. The arrow hits the orc!
You kill the orc!
Things that are here:
a +0 trident; 3 boomerangs
Found a stone staircase leading down.
There is a stone staircase leading down here.
Found a robe.
A bullfrog comes into view.
You shoot an arrow. The arrow hits the bullfrog.
The bullfrog is lightly wounded.
You shoot an arrow. The arrow barely misses the bullfrog.
You shoot an arrow. The arrow hits the bullfrog!
The bullfrog is moderately wounded.
You shoot an arrow. The arrow closely misses the bullfrog.
The bullfrog hits you! The bullfrog closely misses you.
You shoot an arrow. The arrow misses the bullfrog.
The bullfrog completely misses you.
The bullfrog hits you but does no damage.
You shoot an arrow. The arrow hits the bullfrog.
The bullfrog is heavily wounded.
The bullfrog hits you. x2
You shoot an arrow. The arrow hits the bullfrog.
The bullfrog is severely wounded.
The bullfrog hits you. x2
You shoot an arrow. The arrow barely misses the bullfrog.
The bullfrog barely misses you.
You shoot an arrow. The arrow closely misses the bullfrog.
The bullfrog hits you. The bullfrog barely misses you.
You shoot an arrow.
The arrow hits the bullfrog but does no damage.
The bullfrog is severely wounded.
The bullfrog hits you.
You die...

#.. #[# #.# .. ##.#
... ##..# #####
8..8#...# #....
........## #.###
#F@.###########.#
#..........>....#
#...##########.####
##### #...). ######


You could see a bullfrog.

Vanquished Creatures
  An adder (D:2)
  2 dart slugs (D:2)
  9 orcs
  7 ball pythons
  5 endoplasms
  2 giant cockroaches (D:1)
  9 hobgoblins
  3 quokkas (D:1)
  5 bats
  2 frilled lizards
  7 goblins
  5 kobolds
  5 rats
62 creatures vanquished.

Notes
Turn   | Place    | Note
-------+----------+-------------------------------------------
     0 | D:1      | qw the Deep Elf Hunter began the quest for the Orb.
     0 | D:1      | Reached XP level 1. HP: 12/12 MP: 3/3
     0 | D:1      | 0 ||| qw: Version: 0.3-a-155-g5e7d8dd
     0 | D:1      | 0 ||| qw: Game counter: 3479
     0 | D:1      | 0 ||| qw: Melee chars always use a shield: true
     0 | D:1      | 0 ||| qw: God list: Okawaru
     0 | D:1      | 0 ||| qw: Allow faded altars: false
     0 | D:1      | 0 ||| qw: Do Orc after clearing Dungeon:15 true
     0 | D:1      | 0 ||| qw: Do second Lair branch before Depths: true
     0 | D:1      | 0 ||| qw: Lair rune preference: random
     0 | D:1      | 0 ||| qw: Goals: Normal
     0 | D:1      | 0 ||| PLANNING D:1-11
   212 | D:1      | Reached XP level 2. HP: 16/16 MP: 4/4
   239 | D:1      | Reached skill level 6 in Ranged Weapons
   289 | D:1      | HP: 4/16 [hobgoblin (2)]
   633 | D:1      | Reached XP level 3. HP: 20/20 MP: 5/5
   951 | D:1      | 951 ||| READING 3 scrolls labelled YSOCOZY WAAN.
   951 | D:1      | 951 ||| IDENTIFYING viscous ruby potion
   952 | D:1      | 952 ||| READING 2 scrolls of identify.
   952 | D:1      | 952 ||| IDENTIFYING dark potion
   953 | D:1      | 953 ||| READING scroll of identify.
   953 | D:1      | 953 ||| IDENTIFYING scroll labelled GYABOA DAOT
   954 | D:1      | 954 ||| READING scroll of enchant weapon.
   954 | D:1      | 954 ||| ENCHANTING +0 shortbow.
   955 | D:1      | 955 ||| READING 3 scrolls labelled LEADUM DU IWIPS.
   956 | D:1      | 956 ||| DROPPING scroll of butterflies.
   957 | D:1      | 957 ||| DROPPING potion of ambrosia.
   958 | D:1      | 958 ||| DROPPING 2 scrolls of noise.
   959 | D:1      | 959 ||| DROPPING potion of degeneration.
  1007 | D:2      | Found a blossoming altar of Fedhas.
  1034 | D:2      | 1034 ||| FLEEEEING.
  1036 | D:2      | 1036 ||| FLEEEEING.
  1037 | D:2      | 1037 ||| FLEEEEING.
  1118 | D:2      | Identified the +2 falchion "Usereaj" {antimagic, ^Drain
                  | rElec Int+8 Dex+3}
  1187 | D:2      | Reached skill level 7 in Ranged Weapons
  1483 | D:2      | Reached XP level 4. HP: 22/25 MP: 6/6
  1891 | D:2      | 1891 ||| DROPPING scarf of harm.
  1892 | D:2      | 1892 ||| UPGRADING to +0 ring mail.
  1902 | D:2      | 1902 ||| DROPPING +0 leather armour.
  1903 | D:2      | 1903 ||| DROPPING ring of wizardry.
  1904 | D:2      | 1904 ||| READING scroll labelled SEXI BUSSIDGH.
  1904 | D:2      | Identified a scroll of acquirement
  1904 | D:2      | 1904 ||| ACQUIRING scarf of Darkness {harm, rC- Int+2 SInv}
  1904 | D:2      | Acquired the scarf of Darkness {harm, rC- Int+2 SInv}
  1906 | D:2      | 1906 ||| READING scroll labelled ZIUGEA HALUGUC.
  1911 | D:2      | 1911 ||| READING scroll labelled CUUZUIFF LAUZE.
  2113 | D:3      | Noticed a bullfrog
  2120 | D:3      | HP: 5/25 [bullfrog (3)]
  2123 | D:3      | Slain by a bullfrog

Levels and vault maps discovered:
D:1:      beargit_arrival_greenhouse, layout_basic, minmay_ruptured
D:2:      layout_loops_corners, basic_altar
D:3:      layout_loops_ring, jmf_multi_god_temple, kennysheep_okawaru_gauntlet,
          serial_co_window_serial, co_window_of_opportunity_a,
          co_window_corner_a, co_window_paths_b, co_window_paths_b,
          co_window_paths_a, co_window_broadway_c, co_window_corner_ca,
          co_window_broadway_c, co_window_corner_cb, co_window_broadway_b,
          glass_columns_a, glass_columns_a, uniq_ijyb

Skill      XL: |  1  2  3 |
---------------+----------+-----
Ranged Weapons | 6 7 |  7.7
Fighting       | |  1.5
Dodging        | |  2.4
Stealth        | |  1.2

Action                     |  1- 3 |  4- 6 || total
---------------------------+-------+-------++-------
   Fire: Shortbow          |   125 |    40 ||   165
    Use: Scroll            |     5 |     3 ||     8
 Armour: Leather armour    |    33 |     5 ||    38
         Ring mail         |       |     9 ||     9
  Dodge: Dodged            |    22 |    14 ||    36

Table legend:
 A = Non-vault XP
 B = Vault XP
 C = Vault XP percentage of total XP
 D = Non-vault monster count
 E = Vault monster count
 F = Vault count percentage of total count
                 A         B        C        D         E       F
            +---------+---------+-------+---------+---------+-------
      Total |     120 |       8 |   6.2 |      57 |       5 |   8.1
            +---------+---------+-------+---------+---------+-------
        D:1 |      34 |       8 |  19.0 |      21 |       5 |  19.2
        D:2 |      68 |       0 |   0.0 |      29 |       0 |   0.0
        D:3 |      18 |       0 |   0.0 |       7 |       0 |   0.0
            +---------+---------+-------+---------+---------+-------
